 Dungeon Crawl Stone Soup version 0.20-a0-1116-gaa52201 (webtiles) character file.

10096 inmateoo the Harbinger of Death (level 11, -1/93 HPs)
             Began as a Demonspawn Monk on May 8, 2017.
             Was a High Priest of Yredelemnul.
             Slain by a spiny frog (14 damage)
             ... on level 1 of the Lair of Beasts.
             The game lasted 00:17:24 (12202 turns).

inmateoo the Harbinger of Death (Demonspawn Monk)  Turns: 12202, Time: 00:17:25

Health: -1/93      AC: 14    Str: 15    XL:     11   Next: 31%
Magic:  0/17       EV: 15    Int: 14    God:    Yredelemnul [*****.]
Gold:   524        SH: 10    Dex: 16    Spells: 7/10 levels left

rFire    . . .     SeeInvis .     - Unarmed
rCold    . . .     Gourm    .   C - +0 shield (curse)
rNeg     . . .     Faith    .   I - +0 troll leather armour
rPois    .         Spirit   +   f - +1 hat {Int+3}
rElec    .         Reflect  .   t - +0 cloak
rCorr    +         Harm     .   (no gloves)
MR       .....     Clarity  +   J - +0 pair of boots
Stlth    ++........             o - amulet of magic regeneration
Regen    0.7/turn               k - ring of resist corrosion
MPRegen  0.4/turn               M - ring of wizardry

@: sanguine armour
A: antennae 2, clarity, robust 1, magic shield, magic regeneration, sanguine
armour 1
a: Recall Undead Slaves, Injury Mirror, Animate Dead, Drain Life, Enslave Soul,
Renounce Religion


You were on level 1 of the Lair of Beasts.
You worshipped Yredelemnul.
Yredelemnul was extremely pleased with you.
You were not hungry.

You visited 2 branches of the dungeon, and saw 11 of its levels.

You collected 524 gold pieces.

Inventory:

Armour
 f - a +1 hat of intelligence (worn)
 p - a +0 plate armour
 t - a +0 cloak (worn)
 C - a cursed +0 shield (worn)
 I - a +0 troll leather armour (worn)
 J - a +0 pair of boots (worn)
Jewellery
 k - a ring of resist corrosion (left hand)
 o - an amulet of magic regeneration (around neck)
 y - a cursed amulet of regeneration {unknown}
 z - an uncursed ring of ice
 M - a ring of wizardry (right hand)
Wands
 h - a wand of lightning (0/15)
 l - a wand of random effects (29/48)
 s - a wand of clouds (0/9)
 B - a wand of iceblast (3/15)
 H - a wand of disintegration (6/24)
 K - a wand of digging (10/24)
Scrolls
 a - 3 scrolls of enchant weapon
 c - 4 scrolls of teleportation
 g - 5 scrolls of remove curse
 m - 6 scrolls of identify
 u - a scroll of blinking
Potions
 e - 4 potions of resistance
 i - 2 potions of heal wounds
 j - 3 potions of mutation
 n - a potion of agility
 q - a potion of ambrosia
 v - 2 potions of magic
 w - a potion of cancellation
 x - a potion of might
 F - a potion of haste
 G - a potion of flight
Books
 r - a book of Necromancy

   Spells                             Type                      Level
   a - Pain                           Necromancy                   1
   b - Animate Skeleton               Necromancy                   1
   c - Vampiric Draining              Necromancy                   3
   d - Regeneration                   Charms/Necromancy            3
   e - Animate Dead                   Necromancy                   4
   f - Control Undead                 Necromancy                   4
 E - a book of Callings

   Spells                             Type                      Level
   a - Summon Small Mammal            Summoning                    1
   b - Call Imp                       Summoning                    2
   c - Call Canine Familiar           Summoning                    3
   d - Summon Guardian Golem          Hexes/Summoning              3
   e - Summon Lightning Spire         Summoning/Air                4
   f - Summon Ice Beast               Ice/Summoning                4
Comestibles
 b - 6 bread rations
 d - 15 royal jellies
 A - 4 meat rations
 L - 10 fruits


   Skills:
 + Level 7.7 Fighting
 + Level 6.0 Armour
 + Level 7.0 Dodging
 - Level 1.7 Stealth
 + Level 6.1 Shields
 + Level 8.8 Unarmed Combat
 + Level 9.1 Invocations


You had 7 spell levels left.
You knew the following spells:

 Your Spells              Type           Power        Failure   Level  Hunger
a - Regeneration          Chrm/Necr      #.........   75%         3    ####...


Dungeon Overview and Level Annotations

Branches:
Dungeon (10/15)            Temple (0/1) D:4            Lair (1/6) D:9
    Orc: D:9-12

Altars:
Dithmenos
Hepliaklqana
Kikubaaqudgha
Nemelex Xobeh
Qazlal
Trog
Vehumet
Yredelemnul
The Shining One

Shops:
D:7 (


Innate Abilities, Weirdness & Mutations

You have a pair of antennae on your head.
When hurt, damage is shared between your health and your magic reserves.
You regenerate magic rapidly.
When seriously injured, your bleeding wounds create armour. (AC +6)
You possess an exceptional clarity of mind.
You are robust. (+10% HP)


Message History

You hit the spiny frog.
The spiny frog is lightly wounded.
You feel sick. The spiny frog stings you.
* * * LOW HITPOINT WARNING * * *
You are more poisoned.
The spiny frog poisons you!
You punch the spiny frog!
The spiny frog is heavily wounded.
You feel sick. The spiny frog stings you!!
* * * LOW HITPOINT WARNING * * *
You are more poisoned.
The spiny frog poisons you!
You punch the spiny frog!
The spiny frog is severely wounded.
* * * LOW HITPOINT WARNING * * *
You feel very sick.
The spiny frog stings you but does no damage.
You feel better. You block the spiny frog's attack. The spiny frog stings you!!
You die...
Your body rises from the dead as a mindless zombie.

# ###### .# #
#.#####.##.#######...
...................#.
#######.#.##....#....
##.[.F@..>...# #
#..####......# ########
.###.###.# ##..##.# #.......
.....y...## #..##.###..#.#..
....####..P# #..##.##.......#
....# ##.P# ##..#.###.......
..#..###...# #.....###.......
#........######.##..##...P...
..####.....##.##.##.###.......


You could see a spiny frog.

Vanquished Creatures
  Gastronok (D:8)
  A two-headed ogre (D:9)
  Nergalle (Lair:1)
  Maurice (D:8)
  A polar bear (D:7)
  2 trolls (D:10)
  2 hippogriffs (D:7)
  A hog (D:7)
  A hungry ghost (D:10)
  A steam dragon (D:9)
  2 vampire mosquitoes (Lair:1)
  2 soldier ants (D:9)
  A water moccasin (D:6)
  2 orc warriors (D:8)
  2 sky beasts (D:9)
  3 black bears
  A wolf (D:7)
  2 ogres
  3 phantoms
  A centaur (D:9)
  A crocodile (Lair:1)
  2 bullfrogs (D:7)
  A wyvern zombie (D:10)
  2 scorpions
  A killer bee (D:9)
  A vampire bat (D:9)
  2 wights (D:8)
  2 crimson imps (D:6)
  5 orc priests
  2 hounds
  2 jellies
  4 orc wizards
  Jessica (D:3)
  A bullfrog skeleton (D:10)
  2 centaur skeletons (D:10)
  3 iguanas (D:9)
  3 worker ants
  A statue (D:9)
  A howler monkey zombie (D:8)
  A worker ant zombie (D:6)
  3 gnolls (D:7)
  7 adders
  An adder skeleton (D:8)
  4 worms
  5 dart slugs
  5 leopard geckos
  39 orcs
  8 ball pythons (D:3)
  5 bat skeletons (D:9)
  A bat zombie (D:9)
  9 giant cockroaches
  10 goblins
  4 hobgoblins
  11 jackals
  4 quokkas
  3 bats
  3 frilled lizards
  8 kobolds
  6 rats
205 creatures vanquished.

Vanquished Creatures (collateral kills)
  A two-headed ogre (D:10)
  2 spiny frogs (Lair:1)
  A komodo dragon (Lair:1)
  A polar bear (D:7)
  Grinder (D:6)
  2 hippogriffs (D:7)
  A wyvern (D:9)
  A yak (D:7)
  2 hogs (D:7)
  A sky beast (D:5)
  2 black bears (D:7)
  3 ogres
  A big kobold (D:6)
  5 killer bees (D:9)
  3 wights (D:8)
  3 crimson imps
  A centaur zombie (D:5)
  2 hounds
  A bullfrog skeleton (D:7)
  An orc priest (D:7)
  Crazy Yiuf (D:2)
  4 orc wizards
  5 worker ants
  2 adders
  3 gnolls (D:6)
  2 adder skeletons (D:6)
  A leopard gecko (D:4)
  9 orcs
  A giant cockroach (D:5)
  A goblin (D:4)
  8 jackals
  2 quokkas
  A ball python (D:3)
  A frilled lizard (D:2)
  2 kobolds (D:6)
78 creatures vanquished.

Vanquished Creatures (others)
  6 flying skulls (D:7)
  2 wraiths (Lair:1)
  A wight (D:8)
  A mummy (D:9)
  7 fungi
  2 plants
19 creatures vanquished.

Grand Total: 302 creatures vanquished

Notes
Turn   | Place    | Note
-------+----------+-------------------------------------------
     0 | D:1      | inmateoo the Demonspawn Monk began the quest for the Orb.
     0 | D:1      | Reached XP level 1. HP: 18/18 MP: 1/1
   240 | D:1      | Gained mutation: When hurt, damage is shared between your health and your magic reserves. [demonic ancestry]
   240 | D:1      | Reached XP level 2. HP: 24/24 MP: 2/2
  1240 | D:2      | Gained mutation: When seriously injured, your bleeding wounds create armour. (AC +6) [demonic ancestry]
  1240 | D:2      | Reached XP level 3. HP: 24/29 MP: 1/3
  1689 | D:2      | Found a runed door.
  1853 | D:2      | Found a faded altar of an unknown god.
  1893 | D:2      | Became a worshipper of Yredelemnul the Dark
  1893 | D:2      | Reached * piety under Yredelemnul
  1893 | D:2      | Reached ** piety under Yredelemnul
  2115 | D:2      | Reached XP level 4. HP: 28/35 MP: 4/4
  2421 | D:3      | Noticed Jessica
  2436 | D:3      | Killed Jessica
  2669 | D:3      | Reached skill level 5 in Unarmed Combat
  2687 | D:3      | Reached *** piety under Yredelemnul
  2722 | D:3      | Found a bloodstained altar of Trog.
  2984 | D:3      | Gained mutation: You have a pair of small antennae on your head. [demonic ancestry]
  2984 | D:3      | Reached XP level 5. HP: 24/41 MP: 3/5
  3483 | D:3      | Received a gift from Yredelemnul (4 flying skulls)
  3701 | D:2      | Noticed Crazy Yiuf
  3705 | D:2      | Killed Crazy Yiuf
  3705 | D:2      | Reached skill level 1 in Invocations
  3866 | D:4      | Found a staircase to the Ecumenical Temple.
  3924 | D:4      | Learned a level 3 spell: Regeneration
  4441 | D:4      | Reached skill level 2 in Invocations
  4443 | D:4      | Reached **** piety under Yredelemnul
  4443 | D:4      | Reached XP level 6. HP: 47/47 MP: 7/7
  4693 | D:4      | Found a stormy altar of Qazlal.
  4703 | D:4      | Reached skill level 1 in Armour
  4806 | D:5      | Entered Level 5 of the Dungeon
  4825 | D:5      | Received a gift from Yredelemnul (2 flying skulls)
  4840 | D:5      | Reached skill level 3 in Invocations
  4955 | D:5      | Noticed a sky beast
  4964 | D:5      | Killed a sky beast
  5113 | D:5      | Reached XP level 7. HP: 44/53 MP: 7/9
  5300 | D:5      | Reached skill level 1 in Shields
  5635 | D:6      | Noticed Grinder
  5642 | D:6      | Killed Grinder
  5943 | D:6      | Reached skill level 4 in Invocations
  5982 | D:6      | Found a hazy altar of Hepliaklqana.
  6403 | D:7      | Gained mutation: You have a pair of antennae on your head. [demonic ancestry]
  6403 | D:7      | Reached XP level 8. HP: 61/61 MP: 11/11
  6632 | D:7      | Found a huge runed gate.
  6633 | D:7      | Found a huge runed gate.
  6634 | D:7      | Found a huge runed gate.
  6635 | D:7      | Noticed a hippogriff
  6635 | D:7      | Found a huge runed gate.
  6635 | D:7      | Noticed a hippogriff
  6635 | D:7      | Noticed a hippogriff
  6635 | D:7      | Noticed a hippogriff
  6635 | D:7      | Noticed a polar bear
  6635 | D:7      | Noticed a polar bear
  6643 | D:7      | Noticed a hippogriff
  6796 | D:7      | Found a shadowy altar of Dithmenos.
  6898 | D:7      | Found Qirphotz's Weapon Boutique.
  7038 | D:7      | Killed a hippogriff
  7038 | D:7      | Killed a polar bear
  7039 | D:7      | Reached skill level 5 in Invocations
  7042 | D:7      | Reached skill level 5 in Fighting
  7051 | D:7      | Killed a hippogriff
  7385 | D:8      | Found a sparkling altar of Nemelex Xobeh.
  7396 | D:8      | Received a gift from Yredelemnul (a wight)
  7416 | D:8      | Reached XP level 9. HP: 68/68 MP: 13/13
  7445 | D:8      | Noticed Maurice
  7454 | D:8      | Noticed a two-headed ogre
  7457 | D:8      | Noticed Gastronok
  7457 | D:8      | Killed Maurice
  7457 | D:8      | Reached skill level 6 in Invocations
  7489 | D:7      | Reached skill level 5 in Dodging
  7871 | D:6      | HP: 3/69 [poisoned by a water moccasin]
  8226 | D:7      | Killed a polar bear
  8367 | D:7      | Reached ***** piety under Yredelemnul
  8483 | D:8      | Killed Gastronok
  8483 | D:8      | Reached skill level 7 in Invocations
  8483 | D:8      | Gained mutation: You regenerate magic rapidly. [demonic ancestry]
  8483 | D:8      | Reached XP level 10. HP: 52/77 MP: 4/15
  8752 | D:8      | Gained mutation: You possess an exceptional clarity of mind. [potion of mutation]
  8752 | D:8      | Gained mutation: You are robust. (+10% HP) [potion of mutation]
  9065 | D:8      | Reached skill level 5 in Armour
  9310 | D:9      | Reached skill level 5 in Shields
  9310 | D:9      | Received a gift from Yredelemnul (a mummy)
  9443 | D:9      | Found a radiant altar of Vehumet.
  9897 | D:9      | Reached skill level 8 in Invocations
  9909 | D:9      | Noticed a two-headed ogre
  9915 | D:9      | Killed a two-headed ogre
 10251 | D:9      | Found a staircase to the Lair.
 10604 | D:9      | Found an ancient bone altar of Kikubaaqudgha.
 10621 | D:9      | Received a gift from Yredelemnul (a wraith)
 10853 | D:9      | Found a glowing golden altar of the Shining One.
 10904 | D:10     | Entered Level 10 of the Dungeon
 11134 | D:10     | Reached XP level 11. HP: 43/92 MP: 13/17
 11152 | D:10     | Received a gift from Yredelemnul (a wraith)
 11462 | D:10     | Noticed a two-headed ogre
 11528 | D:10     | Killed a two-headed ogre
 11907 | Lair:1   | Entered Level 1 of the Lair of Beasts
 12004 | Lair:1   | Noticed Nergalle
 12024 | Lair:1   | Killed Nergalle
 12024 | Lair:1   | Reached skill level 9 in Invocations
 12202 | Lair:1   | Slain by a spiny frog

Vault maps used:
D:1:      dpeg_arrival_leaves_temple_mockup, kennysheep_another_room
D:2:      lemuel_upstairs_altar, first_bread, chequers_ecumenical_altar_simple,
          uniq_crazy_yiuf_cottage
D:3:      old_standard_altar, minmay_shallow_snake_nest, uniq_jessica
D:4:      lemuel_crystal_altar, minmay_temple_entry_hall
D:6:      lemuel_crystal_altar, bh_walls_and_bars, uniq_grinder
D:7:      lemuel_bear_cage, nicolae_overflow_hidden_temple, serial_shops, shop
D:8:      nemelex_xobeh_ov_fountains_minmay, uniq_gastronok, uniq_maurice
D:9:      kennysheep_vampire_church, vehumet_statue,
          nicolae_tso_swordbearing_angel, dpeg_oklobed_lair,
          hangedman_pestilent_swarm
D:10:     fountainhead
Lair:1:   pond, lemuel_fruit_tree, uniq_nergalle

Skill      XL: |  1  2  3  4  5  6  7  8  9 10 11 |
---------------+----------------------------------+-----
Unarmed Combat | 3 4 5 6 7 8 |  8.8
Invocations    | 2 3 4 5 7 8 9 |  9.1
Armour         | 1 2 3 4 5 6 |  6.0
Dodging        | 3 4 5 6 7 |  7.0
Shields        | 2 3 4 5 6 |  6.1
Fighting       | 4 5 6 7 |  7.7
Stealth        | |  1.7

Action                   |  1- 3 |  4- 6 |  7- 9 | 10-12 || total
-------------------------+-------+-------+-------+-------++-------
Melee: Unarmed           |   156 |   251 |   339 |   504 ||  1250
       Punch             |       |     3 |       |       ||     3
Invok: Recall Undead Sla |       |     2 |     3 |     1 ||     6
Evoke: Wand              |       |       |     5 |     4 ||     9
  Use: Scroll            |       |       |    14 |     5 ||    19
       Potion            |       |       |     7 |     3 ||    10
 Stab: Sleeping          |     8 |     2 |       |     1 ||    11
       Distracted        |       |     1 |     2 |     2 ||     5
  Eat: Chunk             |     4 |     9 |     5 |    11 ||    29
       Royal jelly       |       |       |     2 |     1 ||     3
       Fruit             |       |       |     3 |       ||     3
       Meat ration       |       |       |       |     1 ||     1
Armor: Robe              |    20 |       |       |       ||    20
       Plate armour      |       |   169 |   221 |   180 ||   570
       Skin              |       |       |    37 |     2 ||    39
       Troll leather arm |       |       |       |    24 ||    24
Dodge: Dodged            |    98 |    42 |    39 |   132 ||   311
Block: Shield            |       |     5 |   156 |   222 ||   383
